Map: Blackrock LE

Players

SLicKcHeeZEE - Winner!

  • Race: Zerg Zerg

A.I. 1 (Very Hard)

  • Race: Terran Terran

VOD

Have the link to the VOD?

Description

Time

  • Played on: Sept. 2, 2026, 4:15 a.m.
  • Length: 15:23
Show
View Real Time Build Order
Export as new Build Order

SLicKcHeeZEE Zerg - Winner!

Build Orders: Hatch First, Roach Hydra 

Get SALT Encoding   

  6  0:00  Drone  
  9  0:10  Drone  
  10  0:16  Drone  
  11  0:27  Overlord  
  11  0:33  Drone  
  12  0:45  Drone x2  
  14  0:50  Drone  
  15  1:14  Hatchery  
  15  1:17  Drone  
  15  1:21  Drone  
  16  1:36  Spawning Pool  
  16  1:38  Extractor  
  14  1:41  Drone  
  14  1:45  Drone  
  16  1:48  Drone  
  16  1:53  Drone  
  18  2:03  Overlord  
  18  2:11  Drone  
  19  2:23  Queen  
  19  2:28  Queen  
  23  2:32  Drone  
  23  2:35  Drone  
  25  2:41  Overlord  
  25  2:44  Drone  
  25  2:48  Drone  
  27  2:51  Drone  
  27  2:54  Drone  
  27  2:57  Drone  
  30  3:09  Lair  
  30  3:14  Roach Warren  
  30  3:17  Extractor  
  30  3:18  Drone  
  29  3:21  Drone  
  29  3:26  Overlord  
  30  3:29  Drone  
  31  3:35  Drone x3  
  31  3:40  Drone  
  35  3:43  Drone  
  35  3:45  Overlord  
  36  3:50  Drone x2  
  36  3:54  Drone  
  39  3:58  Drone  
  39  3:59  Overlord  
  40  4:09  Roach  
  46  4:10  Roach x3  
  46  4:14  Hydralisk Den  
  47  4:30  Queen  
  49  4:32  Hatchery  
  49  4:37  Roach  
  49  4:38  Roach  
  52  4:43  Drone x3, Extractor  
  54  4:46  Drone  
  54  4:48  Overlord  
  55  4:55  Grooved Spines  
  55  4:56  Glial Reconstitution  
  55  4:59  Hydralisk  
  57  5:04  Hydralisk  
  59  5:34  Extractor  
  58  5:41  Drone  
  58  5:42  Drone x2  
  61  5:53  Overlord  
  61  5:55  Roach x3, Hydralisk x2  
  73  5:57  Roach x2  
  75  6:06  Evolution Chamber  
  75  6:07  Evolution Chamber  
  75  6:08  Drone  
  75  6:10  Drone x2  
  76  6:13  Drone  
  77  6:32  Muscular Augments  
  77  6:34  Zerg Ground Armor Level 1  
  77  6:35  Zerg Missile Weapons Level 1  
  77  6:36  Hydralisk x2  
  77  6:39  Roach  
  83  6:40  Overlord x2  
  83  7:17  Roach x3, Hydralisk x2  
  83  7:18  Roach  
  83  7:19  Roach x2  
  99  7:26  Overlord x3  
  99  7:57  Drone x3  
  102  7:59  Overlord x2  
  102  8:00  Overlord  
  102  8:09  Overlord x2  
  102  8:16  Roach x3, Hydralisk x2  
  102  8:17  Hydralisk x2, Roach x2  
  102  8:18  Roach  
  122  8:20  Overlord  
  122  8:37  Drone  
  123  8:52  Hydralisk x2, Roach x3  
  123  8:53  Hydralisk x2, Roach x3  
  122  9:34  Queen  
  124  9:43  Zerg Ground Armor Level 2  
  124  9:44  Hatchery, Zerg Missile Weapons Level 2  
  123  9:51  Infestation Pit  
  122  10:01  Roach  
  122  10:02  Hydralisk x2, Roach x3  
  122  10:03  Hydralisk x2, Roach x3  
  122  10:04  Hydralisk x2, Roach x3  
  122  10:05  Roach x3  
  160  10:11  Extractor  
  159  10:25  Overlord x3  
  159  11:08  Drone x3  
  74  11:50  Roach x3, Hydralisk x2  
  74  11:51  Hydralisk x2, Roach x2  
  74  11:52  Roach x4, Hydralisk x2  
  74  11:53  Hydralisk, Roach x3  
  80  13:23  Hydralisk x2, Roach x3  
  80  13:24  Hydralisk x4, Roach x3  
  80  13:25  Roach x3  
Show
View Real Time Build Order
Export as new Build Order

A.I. 1 (Very Hard) Terran 

Build Orders:  

Get SALT Encoding   

  6  0:00  SCV  
  9  0:13  SCV  
  10  0:25  SCV  
  11  0:37  SCV  
  12  0:46  Supply Depot  
  12  0:49  SCV  
  13  1:08  SCV  
  14  1:13  Barracks  
  14  1:20  SCV  
  15  1:32  SCV  
  16  1:44  SCV  
  17  1:52  Supply Depot  
  17  1:56  SCV  
  17  1:57  Refinery  
  17  2:00  Marine  
  19  2:08  SCV  
  20  2:17  Marine  
  20  2:19  Barracks  
  20  2:20  SCV  
  22  2:27  Refinery  
  22  2:33  SCV  
  22  2:35  Marine  
  24  2:44  Supply Depot  
  24  2:45  SCV  
  25  2:53  Marine  
  25  2:57  SCV  
  27  3:05  Marine  
  27  3:08  Factory  
  27  3:09  SCV  
  29  3:14  Marine  
  30  3:21  SCV  
  30  3:23  Marine  
  32  3:32  Marine  
  32  3:33  SCV  
  34  3:41  Marine  
  34  3:45  SCV  
  36  3:51  Barracks  
  36  3:56  Barracks Tech Lab  
  36  3:57  SCV  
  36  3:59  Supply Depot  
  37  4:06  Barracks Tech Lab  
  37  4:08  Factory Tech Lab  
  37  4:21  SCV  
  37  4:23  Marine  
  39  4:27  Marine  
  40  4:32  Stimpack  
  40  4:33  SCV  
  41  4:41  Supply Depot  
  41  4:45  SCV  
  42  4:57  SCV  
  43  5:02  Marine  
  43  5:03  Barracks Reactor, Siege Tank, Marauder  
  43  5:06  Supply Depot  
  49  5:09  SCV  
  49  5:12  Command Center  
  50  5:21  Marauder, SCV  
  53  5:30  Marauder  
  53  5:33  SCV  
  56  5:38  Supply Depot  
  56  5:42  Marauder  
  58  5:46  Orbital Command  
  58  5:48  Marine  
  59  5:51  Marauder  
  61  5:59  Marine  
  61  6:03  Supply Depot  
  61  6:04  Marauder  
  64  6:13  Marauder  
  66  6:20  Siege Tank  
  66  6:24  SCV  
  66  6:25  SCV, Marauder  
  73  6:34  Marauder  
  73  6:37  SCV  
  73  6:39  SCV  
  77  6:46  Marauder  
  79  6:48  Combat Shield  
  79  6:49  SCV  
  79  6:52  Siege Tank  
  83  6:54  SCV  
  83  6:55  Supply Depot  
  83  7:01  SCV  
  85  7:03  Concussive Shells  
  85  7:06  SCV  
  85  7:08  Engineering Bay  
  86  7:13  SCV  
  87  7:18  SCV  
  87  7:20  Supply Depot  
  88  7:24  Siege Tank  
  88  7:25  SCV  
  88  7:28  Engineering Bay  
  92  7:31  SCV  
  92  7:34  Terran Infantry Armor Level 1  
  92  7:36  Missile Turret  
  93  7:40  Missile Turret  
  93  7:46  Orbital Command, Barracks  
  93  7:49  Starport  
  93  7:53  Terran Infantry Weapons Level 1  
  93  7:57  Marine  
  94  7:59  Marine  
  94  8:00  Supply Depot  
  95  8:07  Refinery  
  95  8:15  Marauder  
  95  8:16  Refinery  
  95  8:17  Marauder  
  99  8:22  Missile Turret  
  99  8:23  Supply Depot  
  99  8:26  Siege Tank  
  99  8:27  Starport Reactor  
  102  8:30  SCV x2  
  104  8:35  Command Center  
  104  8:42  SCV x2  
  106  8:49  Supply Depot  
  106  8:54  SCV, Missile Turret  
  107  8:58  Siege Tank  
  107  9:00  Armory  
  76  9:02  Medivac  
  110  9:10  Marauder  
  110  9:13  Marauder  
  110  9:14  Marine  
  89  9:19  Marine  
  89  9:21  Marine  
  74  9:30  Widow Mine  
  76  9:31  Marine  
  76  9:32  Marine  
  76  9:33  Marine  
  76  9:37  Marine  
  80  9:38  Marine  
  81  9:48  SCV, Terran Vehicle And Ship Armor Level 1  
  81  9:49  SCV, Marine  
  81  9:50  Marauder, SCV  
  81  9:51  Siege Tank  
  81  9:52  Marauder  
  92  9:55  Marine  
  92  9:59  Marine  
  93  10:00  SCV  
  93  10:01  SCV  
  93  10:02  SCV  
  97  10:11  Marauder  
  97  10:12  SCV  
  97  10:13  Missile Turret, Marauder, SCV  
  103  10:15  SCV  
  104  10:23  Missile Turret, Siege Tank, Medivac  
  104  10:24  SCV, Marine  
  104  10:25  Marine, SCV  
  104  10:27  SCV  
  114  10:32  Marauder  
  114  10:34  Marauder  
  118  10:36  SCV  
  118  10:41  Supply Depot, Orbital Command  
  119  10:43  Terran Infantry Weapons Level 2  
  119  10:48  Missile Turret  
  119  10:51  Medivac  
  119  10:54  Marauder  
  119  10:56  Widow Mine, Marauder  
  127  10:58  Refinery  
  127  11:02  Refinery  
  127  11:04  Supply Depot  
  127  11:11  Factory  
  127  11:14  Marine x3  
  127  11:15  Marauder  
  127  11:16  Command Center  
  127  11:17  Widow Mine, Marauder  
  120  11:25  SCV  
  89  11:26  SCV  
  89  11:27  SCV  
  89  11:32  Marine x3  
  89  11:36  Marine  
  89  11:37  SCV  
  89  11:38  Marine, Siege Tank  
  82  11:40  SCV  
  82  11:42  SCV  
  79  11:49  SCV, Marine  
  79  11:50  Marine x2  
  72  11:54  Marauder  
  72  11:55  Hellion  
  72  11:56  Marauder  
  72  11:57  SCV x2  
  63  12:02  SCV  
  63  12:07  Marine  
  51  12:11  Hellion  
  51  12:12  Marine  
  51  12:13  Marine  
  51  12:14  SCV  
  46  12:16  Marauder  
  46  12:17  Marine  
  45  12:25  SCV, Marine  
  43  12:31  Marine  
  43  12:32  Siege Tank  
  43  12:34  Marine  
  43  12:37  Marine  
  43  12:43  Hellion  
  46  12:54  SCV  
  46  12:56  SCV  
  49  13:00  SCV  
  49  13:04  Siege Tank  
  49  13:06  SCV  
  39  13:20  Marine  
  39  13:21  Marine  
  40  13:30  Marine  
  13  13:59  Command Center  
  13  14:17  Command Center  
  4  15:06  Command Center  
Tags
 
Composition
Roach Hydra
Matchup
TvZ
Add a new tag
Caveats
  • Supply blocks, unpowered buildings, or Contaminate may cause inaccurate times.
  • Supply counts are checked every 10 seconds.